Map: King's Cove LE

Players

Serral - Winner!

  • Race: Zerg Zerg
  • Spawn Location: 11:00

Hellraiser

  • Race: Protoss Protoss
  • Spawn Location: 5:00

Event: 2019 WCS Summer

VOD

Have the link to the VOD?

Description

Time

  • Played on: July 12, 2019, 2:53 p.m.
  • Length: 7:22

All games in this series

Show
View Real Time Build Order
Export as new Build Order

Serral Zerg - Winner!

Build Orders: Hatch First 

Get SALT Encoding   

  12  0:00  Drone  
  13  0:12  Overlord  
  13  0:17  Drone  
  14  0:31  Drone x2  
  16  0:49  Hatchery  
  15  0:53  Drone  
  15  0:56  Drone  
  17  1:00  Drone  
  18  1:10  Extractor  
  17  1:15  Spawning Pool  
  16  1:18  Drone  
  16  1:21  Drone  
  18  1:28  Drone  
  19  1:39  Drone  
  20  1:49  Overlord  
  20  2:02  Zergling x4, Queen x2  
  26  2:10  Metabolic Boost  
  26  2:13  Drone  
  26  2:15  Drone  
  28  2:23  Drone  
  28  2:24  Drone  
  30  2:39  Hatchery  
  30  2:43  Overlord  
  29  2:49  Drone x2  
  31  2:55  Queen  
  33  3:00  Zergling x4  
  35  3:06  Zergling x6  
  35  3:11  Drone x2  
  40  3:16  Overlord  
  40  3:19  Drone  
  41  3:20  Drone  
  41  3:23  Drone  
  41  3:25  Drone  
  43  3:34  Overlord  
  43  3:35  Drone x2  
  43  3:37  Spore Crawler  
  43  3:40  Drone  
  45  3:47  Spore Crawler  
  44  3:48  Drone x2  
  44  3:49  Drone  
  44  3:51  Drone  
  44  3:53  Drone  
  48  3:58  Overlord  
  47  4:03  Drone x2  
  47  4:07  Spore Crawler  
  47  4:09  Queen  
  50  4:14  Queen  
  50  4:17  Drone, Extractor, Spore Crawler  
  51  4:18  Drone  
  51  4:23  Drone, Spore Crawler  
  52  4:27  Drone x2  
  52  4:30  Spore Crawler  
  52  4:31  Drone  
  54  4:35  Spore Crawler x2  
  54  4:37  Drone  
  53  4:39  Drone x3  
  53  4:40  Drone  
  53  4:45  Lair  
  60  4:49  Drone, Roach Warren  
  60  4:51  Drone  
  61  4:54  Extractor x2  
  61  4:55  Overlord  
  61  4:58  Drone x2  
  61  5:02  Drone x3  
  64  5:07  Drone x3  
  67  5:18  Drone x5  
  67  5:20  Extractor  
  71  5:22  Overlord  
  71  5:24  Overlord  
  68  5:40  Drone x2, Roach x5  
  68  5:41  Glial Reconstitution, Roach  
  82  5:49  Overseer  
  82  5:51  Extractor, Roach x3  
  82  5:55  Overlord x3  
  82  5:57  Overlord  
  87  5:58  Roach x2  
  91  6:10  Roach, Nydus Network  
  91  6:11  Roach x2  
  96  6:14  Overlord x2  
  96  6:19  Roach x2  
  100  6:27  Roach x5  
  109  6:37  Roach x6  
  120  6:43  Extractor  
  120  6:44  Roach x3  
  125  6:52  Nydus Canal  
  127  6:54  Roach x4  
  127  6:56  Roach  
  127  6:59  Roach x2  
  137  7:07  Nydus Canal  
Show
View Real Time Build Order
Export as new Build Order

Hellraiser Protoss 

Build Orders: 1 Gate Expand, Oracle Opening, Colossus Rush 

Get SALT Encoding   

  12  0:00  Probe  
  13  0:13  Probe  
  14  0:19  Pylon  
  14  0:23  Probe  
  15  0:33  Probe  
  15  0:38  Gateway  
  15  0:42  Probe  
  16  0:48  Assimilator  
  17  0:54  Probe  
  18  1:06  Probe  
  19  1:23  Nexus  
  19  1:25  Probe  
  20  1:35  Cybernetics Core  
  20  1:38  Probe  
  21  1:43  Assimilator  
  21  1:50  Probe  
  22  1:54  Pylon  
  22  2:02  Probe, Adept  
  23  2:14  Probe  
  26  2:22  Adept  
  26  2:23  Stargate  
  26  2:26  Probe  
  27  2:31  Probe  
  30  2:38  Probe, Warp Gate  
  30  2:39  Probe  
  32  2:50  Probe  
  33  2:52  Stalker  
  33  2:53  Probe  
  36  3:02  Probe  
  36  3:03  Oracle  
  37  3:05  Probe  
  38  3:15  Probe  
  38  3:16  Pylon  
  38  3:17  Probe  
  43  3:27  Probe  
  43  3:30  Probe, Gateway  
  43  3:33  Oracle  
  45  3:38  Assimilator  
  45  3:39  Probe  
  45  3:41  Assimilator  
  46  3:42  Probe  
  50  3:51  Probe  
  50  3:54  Probe  
  49  4:03  Probe  
  49  4:05  Robotics Facility  
  49  4:06  Probe  
  51  4:15  Probe  
  52  4:17  Pylon  
  52  4:18  Probe  
  53  4:28  Probe, Oracle  
  54  4:31  Pylon  
  54  4:35  Probe  
  55  4:40  Probe  
  55  4:41  Adept x2  
  60  4:47  Probe  
  60  4:48  Forge  
  60  4:52  Probe  
  62  4:54  Observer  
  62  4:55  Pylon  
  62  4:57  Nexus  
  63  5:02  Robotics Bay  
  63  5:03  Probe  
  63  5:04  Probe  
  65  5:08  Pylon  
  65  5:13  Sentry x2  
  69  5:15  Probe  
  69  5:16  Probe  
  69  5:18  Shield Battery  
  71  5:25  Protoss Ground Weapons Level 1  
  71  5:28  Probe  
  72  5:30  Pylon  
  72  5:31  Probe, Colossus  
  73  5:40  Probe  
  74  5:44  Probe  
  81  5:50  Twilight Council  
  81  5:52  Probe  
  81  5:56  Probe  
  83  6:04  Probe  
  83  6:09  Probe  
  83  6:10  Probe  
  86  6:12  Phoenix  
  86  6:14  Stalker, Sentry  
  86  6:16  Probe  
  93  6:20  Colossus  
  93  6:21  Probe  
  93  6:22  Assimilator, Probe  
  95  6:25  Assimilator  
  95  6:28  Probe  
  102  6:33  Probe  
  102  6:34  Probe  
  104  6:40  Probe  
  107  6:56  Stalker  
  107  6:58  Shield Battery  
  107  6:59  Photon Cannon x2  
  107  7:02  Stalker  
  109  7:10  Probe  
  104  7:20  Stalker  
Tags
 
Add a new tag
Caveats
  • Supply blocks, unpowered buildings, or Contaminate may cause inaccurate times.
  • Supply counts are checked every 10 seconds.